 Dungeon Crawl Stone Soup version 0.31-a0-180-g519b7de00c (webtiles) character file.

Game seed: 14692535865539217044

44 innerfire43 the Trooper (level 3, 0/29 HPs)
             Began as a Demonspawn Monk on June 18, 2023.
             Was a Believer of Qazlal.
             Slain by a gnoll
             ... wielding a +0 spear
              (6 damage)
             ... on level 2 of the Dungeon on June 19, 2023.
             The game lasted 00:02:16 (842 turns).

innerfire43 the Trooper (Demonspawn Monk)            Turns: 842, Time: 00:02:17

Health: 0/29       AC:  6    Str: 13    XL:     3   Next: 41%
Magic:  3/3        EV: 12    Int: 11    God:    Qazlal [**....]
Gold:   49         SH:  0    Dex: 15    Spells: 2/2 levels left

rFire   + . .        a - +0 falchion
rCold   x . .        d - orb {light}
rNeg    . . .        l - +0 ring mail
rPois   .            (helmet restricted)
rElec   .            (no cloak)
rCorr   .            j - +0 pair of gloves
SInv    .            (no boots)
Will    .....        (no amulet) Stlth
                     e - ring of fire
HPRegen 0.24/turn    (no ring)
MPRegen 0.08/turn

%: no passive effects
@: confused, ambrosia-drunk, glowing
A: horns 1, sturdy frame 1
a: Renounce Religion, Upheaval


You were on level 2 of the Dungeon.
You worshipped Qazlal.
Qazlal was pleased with you.
You visited 1 branch of the dungeon, and saw 2 of its levels.

You collected 49 gold pieces.

Inventory:

Hand Weapons
 a - a +0 falchion (weapon)
Armour
 b - a +0 robe
 d - an orb of light (worn)
 j - a +0 pair of gloves (worn)
 l - a +0 ring mail (worn)
Jewellery
 e - a ring of fire (left hand)
Scrolls
 f - a scroll of immolation {unknown}
 g - a scroll of vulnerability {unknown}
 h - 2 scrolls of teleportation {unknown}
 i - 2 scrolls of amnesia {unknown}
Potions
 c - a potion of ambrosia
 k - a potion of enlightenment {unknown}


   Skills:
 + Level 3.4 Fighting
 + Level 3.4 Long Blades
 + Level 3.1 Dodging


You had 2 spell levels left.
You didn't know any spells.
Your spell library contained the following spells:

 Spells                   Type           Power      Damage    Failure   Level
 Shock                    Conj/Air       0%         1d3       45%         1
 Stone Arrow              Conj/Erth      0%         3d7       83%         3
 Vhi's Electric Charge    Tloc/Air       0%         N/A       83%         3
 Animate Armour           Summ/Erth      0%         N/A       99%         4
 Arcjolt                  Conj/Air       0%         1d10      100%        5
 Plasma Beam              Fire/Air       0%         2x1d10    100%        6
 Lehudib's Crystal Spear  Conj/Erth      0%         10d2      100%        8


Dungeon Overview and Level Annotations

Branches:
Dungeon (2/15)

Altars:
Qazlal


Innate Abilities, Weirdness & Mutations

You have a pair of small horns on your head.
Your movements are slightly less encumbered by armour. (ER -2)


Message History

The gnoll attacks as you move away! The gnoll hits you with a +0 club.
The gnoll hits you but does no damage.
The gnoll hits you from afar with a +0 halberd.
There is a stone staircase leading up here.
The gnoll attacks as you move away! The gnoll barely misses you.
The gnoll attacks as you move away! The gnoll hits you with a +0 club.
* * * LOW HITPOINT WARNING * * *
There is a stone staircase leading down here.
You hit the gnoll.
You kill the gnoll!
Qazlal accepts your kill. The gnoll barely misses you.
The gnoll closely misses you.
You are confused.
You feel invigorated.
The gnoll hits you from afar with a +0 halberd.
You bump into the rock wall.
The gnoll hits you from afar with a +0 halberd.
You bump into the rock wall.
The gnoll hits you from afar with a +0 halberd!
* * * LOW HITPOINT WARNING * * *
You bump into the rock wall.
The gnoll hits you from afar with a +0 halberd.
* * * LOW HITPOINT WARNING * * *
The gnoll barely misses you.
The gnoll hits you from afar with a +0 spear.
You bump into the rock wall.
The gnoll closely misses you. The gnoll barely misses you.
You barely miss the gnoll.
The gnoll is almost dead.
The gnoll hits you with a +0 halberd!
* * * LOW HITPOINT WARNING * * *
The gnoll hits you from afar with a +0 spear.
* * * LOW HITPOINT WARNING * * *
You bump into the rock wall.
The gnoll barely misses you. The gnoll closely misses you.
You bump into the rock wall.
The gnoll hits you with a +0 halberd.
* * * LOW HITPOINT WARNING * * *
The gnoll hits you from afar with a +0 spear.
You die...

.##
####.# .#
#....# .#
#.####
#.# #.#
#.## #..#
##.# #@#
#g# #g#
#.#######
#.>)g.<.#
#######.#
#.# #g#
#.#


You could see 2 gnolls.

Vanquished Creatures
  A gnoll (D:2)
  3 ball pythons (D:1)
  2 endoplasms (D:1)
  A goblin (D:2)
  8 hobgoblins
  3 jackals (D:2)
  A quokka (D:1)
  3 bats (D:2)
  2 frilled lizards
  3 kobolds (D:1)
  5 rats
32 creatures vanquished.

Notes
Turn   | Place    | Note
-------+----------+-------------------------------------------
     0 | D:1      | innerfire43 the Demonspawn Monk began the quest for the
                  | Orb.
     0 | D:1      | Reached XP level 1. HP: 18/18 MP: 1/1
   145 | D:1      | Gained mutation: You have a pair of small horns on your
                  | head. [demonic ancestry]
   145 | D:1      | Reached XP level 2. HP: 24/24 MP: 2/2
   207 | D:1      | Found a faded altar of an unknown god.
   216 | D:1      | Got Plato's Textbook on Battle Magic
   336 | D:1      | Upgraded the game from 0.31-a0-177-g4aa6249778 to
                  | 0.31-a0-180-g519b7de00c
   656 | D:2      | Gained mutation: Your movements are slightly less
                  | encumbered by armour. (ER -2) [demonic ancestry]
   656 | D:2      | Reached XP level 3. HP: 14/29 MP: 3/3
   719 | D:2      | Found a stormy altar of Qazlal.
   738 | D:2      | Became a worshipper of Qazlal Stormbringer
   738 | D:2      | Reached * piety under Qazlal
   738 | D:2      | Reached ** piety under Qazlal
   842 | D:2      | Slain by a gnoll

Illustrated notes

Levels and vault maps discovered:
D:1:      lightli_iron_boxes, layout_rooms, shapermc_ecumenical_altar_rom_forum,
          chequers_avenue
D:2:      layout_loops_ring, basic_altar

Skill      XL: |  1  2 |
---------------+-------+-----
Long Blades    | 3 |  3.4
Dodging        | 3 |  3.1
Fighting       | |  3.4

Action                     || total
---------------------------++-------
  Melee: Falchion          ||    68
         Headbutt          ||     8
    Use: Potion            ||     1
 Armour: Robe              ||     9
         Ring mail         ||     2
  Dodge: Dodged            ||    65
  Block: Orb               ||     4

Table legend: (Time is in decaauts)
 A = Elapsed time spent in this place.
 B = Non-inter-level travel time spent in this place.
 C = Inter-level travel time spent in this place.
 D = Time resting spent in this place.
 E = Time spent auto-exploring this place.
 F = Levels seen in this place.
 G = Mean time per level.
                   A        B        C        D        E       F      G
               +--------+--------+--------+--------+--------+-----+--------+
         Total |    851 |    851 |      0 |      0 |    594 |   2 |  425.5 |
       Dungeon |    851 |    851 |      0 |      0 |    594 |   2 |  425.5 |
               +--------+--------+--------+--------+--------+-----+--------+

Top non-repeatable levels by time:
     D:1: 495 daAuts
     D:2: 356 daAuts
